 Dungeon Crawl Stone Soup version 0.17.1-3-g152610e (webtiles) character file.

46 Reasonance the Chopper (level 3, 0/33 HPs)
             Began as a Hill Orc Berserker on Apr 6, 2016.
             Was a Believer of Trog.
             Slain by Natasha (1 damage)
             ... on level 2 of the Dungeon.
             The game lasted 00:18:51 (1428 turns).

Reasonance the Chopper (Hill Orc Berserker)         Turns: 1428, Time: 00:18:51

Health: 0/33       AC:  5    Str: 20    XL:     3   Next: 66%
Magic:  3/3        EV:  8    Int:  7    God:    Trog [**....]
Gold:   92         SH:  8    Dex: 10    Spells: 0 memorised, 2 levels left

rFire  . . .     SeeInvis .     a - +0 hand axe
rCold  . . .     Clarity  .     g - +0 ring mail
rNeg   . . .     SustAt   .     j - +0 shield
rPois  .         Gourm    .     (no helmet)
rElec  .         Spirit   .     (no cloak)
rCorr  .         Warding  .     (no gloves)
rMut   .         Stasis   .     (no boots)
MR     ++...                    (no amulet)
Stlth  ..........               (no ring)
                                (no ring)

@: exhausted, regenerating, slowed, very slow, very resistant to hostile
enchantments, extremely unstealthy
A: no striking features
a: Berserk, Trog's Hand, Burn Spellbooks, Renounce Religion


You were on level 2 of the Dungeon.
You worshipped Trog.
Trog was pleased with you.
You were very hungry.

You visited 1 branch of the dungeon, and saw 2 of its levels.

You collected 92 gold pieces.

Inventory:

Hand Weapons
 a - a +0 hand axe (weapon)
 k - a +0 hand axe
 w - a +0 trident
Missiles
 f - 6 tomahawks (quivered)
 h - 85 stones
 m - 13 poisoned needles
 u - 11 bolts
Armour
 b - a +0 animal skin
 d - a +0 cloak
 g - a +0 ring mail (worn)
 j - a +0 shield (worn)
 p - a +0 cloak
 s - a +0 pair of gloves
 y - a +0 leather armour
Jewellery
 o - a +2 ring of protection {unknown}
Scrolls
 l - a scroll of remove curse {unknown}
 t - a scroll of amnesia {unknown}
 A - a scroll of enchant weapon {unknown}
Potions
 e - 2 potions of curing {berserk?, unknown}
 q - a potion of brilliance {unknown}
 v - a potion of poison {unknown}
 z - 2 potions of ambrosia {unknown}
Comestibles
 c - 2 bread rations
 i - a chunk of flesh
 n - 3 fruits
 r - a royal jelly
 x - a beef jerky


   Skills:
 * Level 4.3 Fighting
 + Level 4.6 Axes
 - Level 0.1 Throwing
 + Level 2.3 Armour
 + Level 1.9 Dodging
 * Level 1.0 Shields


You had 2 spell levels left.
You didn't know any spells.

Dungeon Overview and Level Annotations

Branches:
Dungeon (2/15)

Altars:
Kikubaaqudgha
Trog

Annotations:
D:2 Natasha


Message History

Natasha claws you.
* * * LOW HITPOINT WARNING * * *
You're too exhausted to go berserk.
You miss Natasha.
Natasha is moderately wounded.
You hit the white imp but do no damage. Natasha barely misses you.
The white imp barely misses you.
Natasha stares at you and mumbles some strange words.
The magic dart hits you!
* * * LOW HITPOINT WARNING * * *
Your skin crawls.
You feel resistant to hostile enchantments.
You feel slightly more hungry. The white imp hits you.
* * * LOW HITPOINT WARNING * * *
The white imp freezes you.
* * * LOW HITPOINT WARNING * * *
You block Natasha's attack.
The white imp hits you but does no damage.
Natasha claws you.
You die...

###### ########.5@.#
#...(#...##h#
#.##...####r####
#.##..##...w...#
#.#..##...w.....#
#.#..#...........#
####.#..#....###....#
#....#..#.^.##y##...#
#.#######....###....#


You could see a moth of wrath, a worm, Natasha, a white imp and a rat.

Vanquished Creatures
  A worm (D:2)
  2 ball pythons
  6 bats (D:1)
  2 giant cockroaches (D:1)
  5 goblins
  6 hobgoblins
  2 jackals (D:1)
  3 kobolds
  2 giant geckos (D:1)
  2 giant newts (D:2)
  6 rats
37 creatures vanquished.

Notes
Turn   | Place    | Note
--------------------------------------------------------------
     0 | D:1      | Reasonance the Hill Orc Berserker began the quest for the Orb.
     0 | D:1      | Reached XP level 1. HP: 19/19 MP: 1/1
   210 | D:1      | Reached XP level 2. HP: 27/27 MP: 2/2
   343 | D:1      | Reached ** piety under Trog
   529 | D:1      | Reached XP level 3. HP: 33/33 MP: 3/3
  1079 | D:2      | Found an ancient bone altar of Kikubaaqudgha.
  1174 | D:2      | Reached skill level 1 in Shields
  1401 | D:2      | Noticed a moth of wrath
  1401 | D:2      | Noticed Natasha
  1405 | D:2      | Found a bloodstained altar of Trog.
  1428 | D:2      | HP: 1/33 [white imp[Natasha] (3)]
  1428 | D:2      | Slain by Natasha

Action                   || total
-------------------------++-------
Melee: Hand axe          ||   127
Throw: Tomahawk          ||    18
Invok: Berserk           ||     2
       Trog's Hand       ||     3
  Use: Scroll            ||     2
  Eat: Chunk             ||     3
